 Dungeon Crawl Stone Soup version 0.28-a0-2-g643f2454ad (webtiles) character file.

Game seed: 15584893498054340286

1478 pkoi the Martial Artist (level 8, 0/60 HPs)
             Began as a Demonspawn Monk on July 23, 2021.
             Was a Believer of Makhleb.
             Slain by a centaur (6 damage)
             ... on level 6 of the Dungeon.
             The game lasted 00:10:22 (7994 turns).

pkoi the Martial Artist (Demonspawn Monk)           Turns: 7994, Time: 00:10:24

Health: 0/60       AC:  3    Str: 14    XL:     8   Next: 50%
Magic:  10/10      EV: 13    Int: 11    God:    Makhleb [**....]
Gold:   178        SH:  0    Dex: 18    Spells: 7/7 levels left

rFire   . . .      SeeInvis .     - Unarmed
rCold   . . .      Faith    .   (no shield)
rNeg    . . .      Spirit   .   a - +0 robe
rPois   .          Reflect  .   d - +0 helmet
rElec   .          Harm     .   (no cloak)
rCorr   .          Rampage  .   (no gloves)
Will    .....                   (no boots)
Stlth   +++.......              (no amulet)
HPRegen 0.20/turn               (no ring)
MPRegen 0.12/turn               (no ring)

@: no status effects
A: claws 1, thin skeletal structure 1, foul stench 2
a: Renounce Religion, Minor Destruction


You were on level 6 of the Dungeon.
You worshipped Makhleb.
Makhleb was pleased with you.
You visited 2 branches of the dungeon, and saw 7 of its levels.
You also visited: Ossuary.

You collected 178 gold pieces.

Inventory:

Missiles
 i - 3 javelins (quivered)
 u - a throwing net
Armour
 a - a +0 robe (worn)
 d - a +0 helmet (worn)
Jewellery
 q - a ring of wizardry
Wands
 h - a wand of polymorph (8)
Scrolls
 c - a scroll of identify
 p - a scroll of enchant weapon
 s - a scroll of magic mapping
 t - a scroll of teleportation
 v - a scroll of amnesia
 w - a scroll of fog
Potions
 b - a potion of ambrosia
 e - 2 potions of mutation {unknown}
 f - a potion of cancellation
 g - 2 potions of lignification
 j - 2 potions of magic {unknown}
 k - a potion of curing
 m - a potion of flight
 n - 3 potions of brilliance
 o - 4 potions of heal wounds
 r - a potion of might


   Skills:
 + Level 3.7 Fighting
 + Level 3.3 Dodging
 - Level 1.7 Stealth
 * Level 9.3 Unarmed Combat
 + Level 3.5 Invocations


You had 7 spell levels left.
You didn't know any spells.
Your spell library contained the following spells:

 Spells                   Type           Power      Damage    Failure   Level
 Animate Skeleton         Necr           0%         N/A       34%         1
 Apportation              Tloc           0%         N/A       34%         1
 Corona                   Hex            0%         N/A       34%         1
 Summon Small Mammal      Summ           0%         N/A       34%         1
 Summon Lightning Spire   Summ/Air       0%         N/A       98%         4
 Storm Form               Tmut/Air       0%         N/A       100%        7
 Maxwell's Capacitive Co  Air            0%         ∞         100%        8


Dungeon Overview and Level Annotations

Branches:
Dungeon (6/15)             Temple (1/1) D:5         Ossuary (visited)

Altars:
Ashenzari
Cheibriados
Dithmenos
Elyvilon
Fedhas
Gozag
Hepliaklqana
Makhleb
Nemelex Xobeh
Qazlal
Ru
Sif Muna
Trog
Uskayaw
Vehumet
Wu Jian
Xom
Zin
The Shining One

Shops:
D:4 *

Annotations:
D:5 3 runed translucent doors, DocClef's ghost, amateur GnDe


Innate Abilities, Weirdness & Mutations

You have sharp fingernails.
You have a somewhat thin skeletal structure. (Dex +2, Stealth+)
You sometimes emit foul miasma when damaged in melee.


Message History

* * * LOW HITPOINT WARNING * * *
You claw the ogre!
The ogre is almost dead.
You closely miss the ogre.
The ogre is almost dead.
The ogre misses you.
You scratch the ogre but do no damage.
The ogre is almost dead.
You barely miss the ogre. You claw the ogre.
You kill the ogre!
Makhleb accepts your kill.
You feel better.
You see here a +0 giant spiked club.
You start resting.
A centaur is nearby!
The centaur wields a +0 shortbow.
The centaur shoots an arrow.
The arrow hits you!
* * * LOW HITPOINT WARNING * * *
The centaur shoots an arrow.
The arrow hits you!
* * * LOW HITPOINT WARNING * * *
You start resting.
A centaur is nearby!
The centaur unwields a +0 shortbow.
The centaur closely misses you. The centaur completely misses you.
The centaur closely misses you. x2
You scratch the centaur.
The centaur is lightly wounded.
The centaur hits you.
* * * LOW HITPOINT WARNING * * *
The centaur misses you.
You barely miss the centaur.
The centaur is lightly wounded.
The centaur misses you. The centaur closely misses you.
You claw the centaur! You claw the centaur, but do no damage.
The centaur is heavily wounded.
The centaur drinks a potion.
The centaur is healed!
The centaur barely misses you. The centaur closely misses you.
You claw the centaur!
The centaur is severely wounded.
The centaur hits you.
You die...

####.####.#
#.......#.## .
#.....÷....#####.
#................
######.###...#.#.#.
#>.................
#.####.###...##..#.
#.####.# #...##..#.
#.@....# #...###.#.
#c######...... #...
#.###############..
#.#........ #..
#.#........ #..
#)#........ ##.
#.#......♣. ..
#†#....≈≈.≈ #.
#.#....55c. ..


You could see a centaur.

Vanquished Creatures
  A steam dragon (D:6)
  3 ogres
  2 phantoms
  2 scorpions (D:5)
  An elf skeleton (D:5)
  3 water moccasin zombies (Ossuary)
  2 jellies
  A hound (D:4)
  A bullfrog skeleton (D:5)
  An iguana (D:6)
  Terence (D:2)
  Natasha (D:2)
  An orc wizard (D:5)
  A human skeleton (D:5)
  A killer bee zombie (D:5)
  A hound skeleton (D:4)
  2 mummies (Ossuary)
  A howler monkey zombie (D:5)
  Robin (D:4)
  A howler monkey skeleton (D:5)
  4 gnolls (D:3)
  5 adders
  2 white imps (D:6)
  An ufetubus (D:4)
  4 adder zombies (Ossuary)
  2 adder skeletons (D:2)
  3 dart slugs
  15 orcs
  5 ball pythons
  A bat skeleton (D:2)
  A bat zombie (D:2)
  6 endoplasms
  4 giant cockroaches
  23 goblins
  6 hobgoblins
  7 jackals
  2 quokkas
  A bat (D:1)
  5 frilled lizards
  9 gnoll zombies (Ossuary)
  6 hobgoblin zombies (Ossuary)
  6 kobolds
  8 kobold zombies (Ossuary)
  An orc skeleton (D:5)
  8 orc zombies
  A quokka zombie (D:2)
  5 rats
169 creatures vanquished.

Notes
Turn   | Place    | Note
-------+----------+-------------------------------------------
     0 | D:1      | pkoi the Demonspawn Monk began the quest for the Orb.
     0 | D:1      | Reached XP level 1. HP: 18/18 MP: 1/1
    83 | D:1      | Reached skill level 3 in Unarmed Combat
   129 | D:1      | Gained mutation: You may rarely emit foul miasma when
                  | damaged in melee. [demonic ancestry]
   129 | D:1      | Reached XP level 2. HP: 12/24 MP: 2/2
   662 | D:1      | Found a faded altar of an unknown god.
   938 | D:2      | Gained mutation: You have sharp fingernails. [demonic
                  | ancestry]
   938 | D:2      | Reached XP level 3. HP: 12/29 MP: 3/3
  1278 | D:2      | Reached skill level 4 in Unarmed Combat
  1548 | D:2      | Reached XP level 4. HP: 32/35 MP: 4/4
  1641 | D:2      | Noticed Terence
  1653 | D:2      | Killed Terence
  1925 | D:2      | Noticed Natasha
  1932 | D:2      | Killed Natasha
  1933 | D:2      | Reached skill level 5 in Unarmed Combat
  2688 | D:3      | Gained mutation: You sometimes emit foul miasma when
                  | damaged in melee. [demonic ancestry]
  2688 | D:3      | Reached XP level 5. HP: 40/41 MP: 5/5
  3764 | D:3      | Found a blossoming altar of Fedhas.
  3966 | D:4      | Found Suthraov's Neck Hole.
  4015 | D:4      | Reached skill level 6 in Unarmed Combat
  4089 | D:4      | Identified the +3 helmet "Xugesea" {rPois}
  4089 | D:4      | Noticed Robin
  4094 | D:4      | Killed Robin
  4111 | D:4      | Gained mutation: You have a somewhat thin skeletal
                  | structure. (Dex +2, Stealth+) [demonic ancestry]
  4111 | D:4      | Reached XP level 6. HP: 30/47 MP: 6/6
  4759 | D:5      | Entered Level 5 of the Dungeon
  4988 | D:5      | Reached skill level 7 in Unarmed Combat
  5067 | D:5      | Found a sand-covered staircase.
  5077 | Ossuary  | Entered an ossuary
  5208 | Ossuary  | Reached XP level 7. HP: 20/52 MP: 7/7
  5739 | Ossuary  | Reached skill level 8 in Unarmed Combat
  6377 | D:5      | Found a staircase to the Ecumenical Temple.
  6578 | Temple   | Entered the Ecumenical Temple
  6720 | Temple   | Became a worshipper of Makhleb the Destroyer
  6720 | Temple   | Reached * piety under Makhleb
  6720 | Temple   | Reached ** piety under Makhleb
  6826 | D:5      | Reached skill level 1 in Invocations
  6826 | D:5      | Reached XP level 8. HP: 22/58 MP: 8/8
  6830 | D:5      | Reached skill level 9 in Unarmed Combat
  7256 | D:5      | Found a runed translucent gate.
  7256 | D:5      | Found a runed translucent gate.
  7258 | D:5      | Found a runed translucent gate.
  7258 | D:5      | Noticed DocClef's ghost (amateur GnDe)
  7403 | D:5      | Found a radiant altar of Vehumet.
  7994 | D:6      | Slain by a centaur

Illustrated notes

Levels and vault maps discovered:
D:1:      minmay_arrival_hallway, layout_basic, ebering_ecumenical_altar_mist
D:2:      layout_loops_corners, serial_undead, serial_undead_d, serial_undead_d,
          serial_undead_c, serial_undead_c, chequers_serial_rivers_marsh,
          grunt_decor_clamped, minmay_goblin_outpost, uniq_natasha, uniq_terence
D:3:      layout_loops_ring, fedhas_altar_fruit_tree,
          minmay_misc_feat_diagonals, nicolae_underground_beach
D:4:      layout_gridville, nicolae_shop_sticking_my_neck_out, uniq_robin
D:5:      layout_loops_ring, marbit_many_paths, minmay_temple_entry_grid,
          nicolae_ossuary_entry_catacombs, ebering_ghost_rock_garden
D:6:      layout_basic, grunt_ministairs_2, kennysheep_generic_room_2
Temple:   minmay_crystal_spiral_temple

Skill      XL: |  1  2  3  4  5  6  7  8 |
---------------+-------------------------+-----
Unarmed Combat | 3 4 5 6 7 8 9 |  9.3
Invocations    | 1 3 |  3.5
Dodging        | 3 |  3.3
Fighting       | |  3.7
Stealth        | |  1.7

Action                   |  1- 3 |  4- 6 |  7- 9 || total
-------------------------+-------+-------+-------++-------
Melee: Unarmed           |   107 |   242 |   212 ||   561
       Punch             |     1 |     6 |     9 ||    16
Throw: Javelin           |       |       |     1 ||     1
  Use: Scroll            |     1 |    10 |     5 ||    16
 Stab: Sleeping          |     2 |    13 |     8 ||    23
Armor: Robe              |    28 |    24 |    31 ||    83
Dodge: Dodged            |    81 |   129 |   113 ||   323

Table legend: (Time is in decaauts)
 A = Elapsed time spent in this place.
 B = Non-inter-level travel time spent in this place.
 C = Inter-level travel time spent in this place.
 D = Time resting spent in this place.
 E = Time spent auto-exploring this place.
 F = Levels seen in this place.
 G = Mean time per level.
                   A        B        C        D        E       F      G
               +--------+--------+--------+--------+--------+-----+--------+
         Total |   7928 |   7647 |    281 |   2962 |   3451 |   8 |  991.0 |
       Dungeon |   6907 |   6711 |    196 |   2517 |   3131 |   6 | 1151.2 |
        Temple |    212 |    127 |     85 |      0 |    126 |   1 |  212.0 |
       Ossuary |    808 |    808 |      0 |    445 |    194 |   1 |  808.0 |
               +--------+--------+--------+--------+--------+-----+--------+

Top non-repeatable levels by time:
     D:5: 1703 daAuts
     D:2: 1571 daAuts
     D:3: 1421 daAuts
     D:4: 905 daAuts
     D:1: 835 daAuts
 Ossuary: 808 daAuts
     D:6: 470 daAuts
  Temple: 212 daAuts
